 Dungeon Crawl Stone Soup version 0.21-a0-421-gfc1ce30 (webtiles) character file.

3491 pepi55 the Cleaver (level 9, -4/85 HPs)
             Began as a Minotaur Fighter on Nov 4, 2017.
             Was a High Priest of Okawaru.
             Slain by a two-headed ogre
             ... wielding a +0 giant club
              (8 damage)
             ... on level 8 of the Dungeon.
             The game lasted 00:59:01 (8351 turns).

pepi55 the Cleaver (Minotaur Fighter)               Turns: 8351, Time: 00:59:02

Health: -4/85      AC:  9    Str: 30    XL:     9   Next: 80%
Magic:  2/3        EV: 12    Int:  5    God:    Okawaru [*****.]
Gold:   143        SH: 12    Dex:  9    Spells: 8/8 levels left

rFire    . . .     SeeInvis .   a - +0 war axe (antimagic)
rCold    . . .     Gourm    .   c - +0 shield
rNeg     . . .     Faith    +   t - +3 leather armour
rPois    .         Spirit   .   (helmet restricted)
rElec    .         Reflect  .   z - +0 cloak
rCorr    .         Harm     .   o - +0 pair of gloves
MR       .....                  (no boots)
Stlth    +++.......             v - amulet of faith
HPRegen  0.24/turn              j - ring of stealth
MPRegen  0.08/turn              (no ring)

@: mighty, heroism
A: retaliatory headbutt, horns 2
a: Heroism, Finesse, Renounce Religion


You were on level 8 of the Dungeon.
You worshipped Okawaru.
Okawaru was extremely pleased with you.
You were not hungry.

You visited 1 branch of the dungeon, and saw 9 of its levels.

You collected 431 gold pieces.
You spent 288 gold pieces at shops.

Inventory:

Hand Weapons
 a - a +0 antimagic war axe (weapon)
 b - a +0 hunting sling
 C - a +0 war axe
Missiles
 g - 20 sling bullets
Armour
 c - a +0 shield (worn)
 o - a +0 pair of gloves (worn)
 t - a +3 leather armour (worn)
 u - a +0 chain mail
 z - a +0 cloak (worn)
Jewellery
 j - a ring of stealth (left hand)
 v - an amulet of faith (around neck)
Wands
 m - a wand of flame (10/48)
 n - a wand of lightning (7/15)
 p - a wand of flame (25/48)
 x - a wand of iceblast (7/15)
 y - a wand of iceblast (5/15)
 F - a wand of disintegration (12/24)
Scrolls
 h - a scroll of identify
 i - 2 scrolls of enchant armour
 k - 2 scrolls of enchant weapon
 A - 3 scrolls of remove curse
 B - a scroll of blinking {unknown}
 D - a scroll of amnesia {unknown}
 E - a scroll of noise {unknown}
Potions
 d - a potion of might
 r - a potion of curing
 w - a potion of cancellation
Comestibles
 f - a bread ration
 l - 3 meat rations
 q - 8 royal jellies


   Skills:
 + Level 9.6(14.6) Fighting
 * Level 11.9(16.9) Axes
 + Level 4.0(9.2) Slings
 - Level 1.8(7.9) Throwing
 - Level 3.6(8.6) Armour
 - Level 4.0(9.0) Shields
 - Level 4.0 Invocations


You had 8 spell levels left.
You didn't know any spells.

Dungeon Overview and Level Annotations

Branches:
Dungeon (9/15)             Temple (0/1) D:7            Lair (0/6) D:9
    Orc (0/2) D:9

Altars:
Dithmenos
Fedhas
Nemelex Xobeh
Okawaru
Qazlal
Trog
Wu Jian
Yredelemnul
The Shining One

Shops:
D:8 *


Innate Abilities, Weirdness & Mutations

You reflexively headbutt those who attack you in melee.
You have a pair of horns on your head.


Message History

You feel sick. You block the yak's attack. The worker ant bites you.
* * * LOW HITPOINT WARNING * * *
You are more poisoned.
The worker ant poisons you!
The two-headed ogre hits you with a giant club!
* * * LOW HITPOINT WARNING * * *
The two-headed ogre hits you with a giant club.
* * * LOW HITPOINT WARNING * * *
You feel better. You block the yak's attack. The worker ant closely misses you.
You slice the two-headed ogre!!
The two-headed ogre is severely wounded.
You hit the yak but do no damage. You slice the worker ant!!
You kill the worker ant!
Okawaru accepts your kill.
Your base Slings skill increases to level 4!
You block the yak's attack.
The two-headed ogre hits you with a giant club!
* * * LOW HITPOINT WARNING * * *
The two-headed ogre hits you with a giant club!
You die...

########### #####
..........#####...####
.....................############
#######.#.....#..................
........#......#.#.#...........##
#####...#......Y@..#.####...##.#
####............O............#.#
.................###.####....#.#
..#..........##..###.## ##.#.#.#
..#[#...#..####..##...####.#.#.#
(.#.##..#.....#............#.#.##
.().....###......##...###..#.#...
#.#####.# #.#.######.## #..#.#.##
(..[.[..# #.#.# #.# #..#.#.##


You could see a two-headed ogre and a yak.

Vanquished Creatures
  Maurice (D:8)
  Psyche (D:8)
  2 trolls
  The ghost of varam the Grave Robber, an amateur DsNe (D:6)
  The ghost of zorance the Firebug, an amateur DEFE (D:4)
  Menkaure (D:7)
  6 ogres
  A phantom (D:6)
  A black bear (D:8)
  3 centaurs
  A big kobold (D:9)
  A bullfrog (D:6)
  A water moccasin zombie (D:8)
  A crimson imp (D:7)
  2 jellies
  A bullfrog zombie (D:8)
  7 orc wizards
  2 orc priests
  A hound (D:6)
  An iguana (D:6)
  4 worker ants
  2 hound skeletons
  14 adders
  4 gnolls (D:2)
  3 shadow imps
  2 oozes
  An adder zombie (D:8)
  A worm (D:2)
  A dart slug (D:1)
  7 leopard geckos
  29 orcs
  8 bats
  4 giant cockroaches
  7 goblins
  8 hobgoblins
  11 kobolds
  6 quokkas
  A ball python (D:2)
  6 frilled lizards
  2 jackal zombies
  A quokka zombie (D:5)
  6 rats
  A plant (D:2)
165 creatures vanquished.

Notes
Turn   | Place    | Note
-------+----------+-------------------------------------------
     0 | D:1      | pepi55 the Minotaur Fighter began the quest for the Orb.
     0 | D:1      | Reached XP level 1. HP: 19/19 MP: 0/0
   208 | D:1      | Reached XP level 2. HP: 27/27 MP: 1/1
   692 | D:1      | Found a sparkling altar of Nemelex Xobeh.
   748 | D:1      | Reached skill level 3 in Axes
   891 | D:2      | Reached XP level 3. HP: 34/34 MP: 2/2
   995 | D:2      | Reached XP level 4. HP: 38/41 MP: 3/3
  1039 | D:2      | Reached skill level 5 in Fighting
  1059 | D:2      | Found a bloodstained altar of Trog.
  1090 | D:2      | Found a faded altar of an unknown god.
  1101 | D:2      | Reached skill level 4 in Axes
  1349 | D:2      | Found an ornate altar of the Wu Jian Council.
  1781 | D:2      | Reached XP level 5. HP: 41/48 MP: 4/4
  2156 | D:3      | Reached skill level 5 in Axes
  2512 | D:3      | Found a shadowy altar of Dithmenos.
  2512 | D:3      | Found a basalt altar of Yredelemnul.
  2513 | D:3      | Found an iron altar of Okawaru.
  2516 | D:3      | Reached XP level 6. HP: 57/57 MP: 5/5
  2533 | D:3      | Became a worshipper of Warmaster Okawaru
  2639 | D:4      | Noticed zorance's ghost (amateur DEFE)
  2642 | D:4      | Killed zorance's ghost
  2642 | D:4      | Reached skill level 6 in Axes
  2688 | D:4      | Found a blossoming altar of Fedhas.
  2871 | D:4      | Reached XP level 7. HP: 66/66 MP: 6/6
  3010 | D:5      | Entered Level 5 of the Dungeon
  3099 | D:5      | Reached * piety under Okawaru
  3203 | D:5      | Reached skill level 7 in Axes
  3918 | D:6      | Noticed varam's ghost (amateur DsNe)
  4174 | D:6      | Killed varam's ghost
  4174 | D:6      | Reached ** piety under Okawaru
  4174 | D:6      | Reached skill level 8 in Axes
  4174 | D:6      | Reached XP level 8. HP: 67/75 MP: 7/7
  5134 | D:7      | Reached skill level 9 in Axes
  5628 | D:7      | Noticed Menkaure
  5637 | D:7      | Killed Menkaure
  5637 | D:7      | Reached *** piety under Okawaru
  5637 | D:7      | Reached skill level 1 in Invocations
  5873 | D:7      | Found a staircase to the Ecumenical Temple.
  6245 | D:7      | Found a glowing golden altar of the Shining One.
  6372 | D:8      | Noticed Psyche
  6415 | D:8      | Noticed Maurice
  6424 | D:8      | Killed Maurice
  6424 | D:8      | Reached **** piety under Okawaru
  6424 | D:8      | Reached skill level 10 in Axes
  6424 | D:8      | Reached skill level 1 in Throwing
  6424 | D:8      | Reached XP level 9. HP: 80/84 MP: 7/9
  6762 | D:8      | Killed Psyche
  6762 | D:8      | Reached skill level 1 in Slings
  6825 | D:8      | Found Puhusass's Assorted Antiques.
  6833 | D:8      | Bought a potion of might for 128 gold pieces
  6833 | D:8      | Bought a potion of heal wounds for 160 gold pieces
  6917 | D:8      | Reached skill level 11 in Axes
  7181 | D:8      | Noticed a troll
  7193 | D:8      | Killed a troll
  7193 | D:8      | Reached ***** piety under Okawaru
  7471 | D:8      | Found a stormy altar of Qazlal.
  7707 | D:9      | Noticed a troll
  7713 | D:9      | Killed a troll
  7713 | D:9      | Received a gift from Okawaru
  7731 | D:9      | Noticed a cyclops
  7731 | D:9      | Noticed a manticore
  7731 | D:9      | Noticed a cyan ugly thing
  7731 | D:9      | Noticed a komodo dragon
  7731 | D:9      | Noticed a two-headed ogre
  7732 | D:9      | Found the +3 pair of gauntlets of War {Slay+5}
  7777 | D:9      | Noticed a six-headed hydra
  7778 | D:9      | Noticed a sea snake
  7788 | D:9      | Noticed an anaconda
  7788 | D:9      | Noticed a great orb of eyes
  7788 | D:9      | an anaconda changed into a great orb of eyes
  7913 | D:9      | Noticed a centaur warrior
  7921 | D:9      | Noticed a two-headed ogre
  7934 | D:9      | Noticed a two-headed ogre
  7946 | D:9      | HP: 1/84 [two-headed ogre/giant club (13)]
  8301 | D:9      | Found a staircase to the Orcish Mines.
  8340 | D:9      | Found a staircase to the Lair.
  8351 | D:8      | HP: 4/85 [two-headed ogre/giant club (9)]
  8351 | D:8      | Slain by a two-headed ogre

Vault maps used:
D:1:      dpeg_arrival_orchard, nemelex_xobeh_ov_fountains_minmay
D:2:      lemuel_crystal_altar, lemuel_crystal_altar,
          chequers_ecumenical_altar_island, serial_park_tiny_1, kennysheep_boxes
D:3:      gammafunk_temple_overflow_claw, first_bread
D:4:      kennysheep_little_box, bh_walls_and_bars
D:5:      kennysheep_small_square
D:6:      serial_glass, glass_columns_c, glass_columns_a, glass_columns_a,
          glass_columns_b, glass_columns_c, glass_columns_a, glass_columns_c,
          glass_columns_a, glass_columns_a, glass_columns_a, glass_columns_b,
          glass_columns_c, glass_columns_a, glass_columns_b,
          due_unseen_surprise, minmay_strange_pillars, item_on_display_a,
          roderic_lattice_a
D:7:      nicolae_tso_swordbearing_angel, minmay_temple_entry_overgrown,
          uniq_menkaure
D:8:      nicolae_qazlal_eye_of_the_storm, serial_shops, nicolae_shop_crystal,
          uniq_maurice, uniq_psyche
D:9:      minmay_shrinking_squares, dpeg_lair_monsters, orc_0_dummy,
          hangedman_little_slice_of_home, minivault_12

Skill      XL: |  1  2  3  4  5  6  7  8  9 |
---------------+----------------------------+-----
Fighting       | 4 5 6 7 8 9 |  9.6
Shields        | 4 |  4.0
Axes           | 3 4 5 6 8 10 11 | 11.9
Invocations    | 2 4 |  4.0
Throwing       | 1 |  1.8
Slings         | 4 |  4.0
Armour         | |  3.6

Action                   |  1- 3 |  4- 6 |  7- 9 || total
-------------------------+-------+-------+-------++-------
Melee: War axe           |    57 |   177 |   219 ||   453
       Headbutt          |     9 |    23 |    54 ||    86
 Fire: Hunting sling     |       |       |     9 ||     9
Invok: Heroism           |       |       |     2 ||     2
Evoke: Wand              |       |     2 |    21 ||    23
  Use: Scroll            |       |       |    18 ||    18
       Potion            |       |       |     6 ||     6
 Stab: Distracted        |       |       |     2 ||     2
       Sleeping          |       |       |     1 ||     1
  Eat: Chunk             |       |     6 |     3 ||     9
       Fruit             |       |       |     5 ||     5
       Bread ration      |       |       |     2 ||     2
       Meat ration       |       |       |     1 ||     1
Armor: Scale mail        |    18 |    86 |       ||   104
       Chain mail        |       |       |    22 ||    22
       Leather armour    |       |       |    52 ||    52
Dodge: Dodged            |    18 |    49 |    67 ||   134
Block: Shield            |    31 |    92 |   101 ||   224
       Buckler           |       |       |     1 ||     1

Table legend:
 A = Spawn XP
 B = Non-spawn XP
 C = Spawn XP percentage of total XP
 D = Spawn monster count
 E = Non-spawn monster count
 F = Spawn count percentage of total count
 G = Total turns spent on level
                    A         B        C        D         E        F      G
               +---------+---------+-------+---------+---------+-------+---------
         Total |       0 |    4988 |   0.0 |       0 |     164 |   0.0 |  8351
               +---------+---------+-------+---------+---------+-------+---------
           D:1 |       0 |      36 |   0.0 |       0 |      17 |   0.0 |   881
           D:2 |       0 |     173 |   0.0 |       0 |      24 |   0.0 |  1186
           D:3 |       0 |     175 |   0.0 |       0 |      32 |   0.0 |   570
           D:4 |       0 |     366 |   0.0 |       0 |       5 |   0.0 |   373
           D:5 |       0 |     485 |   0.0 |       0 |      14 |   0.0 |  1171
           D:6 |       0 |     629 |   0.0 |       0 |      11 |   0.0 |  1050
           D:7 |       0 |     454 |   0.0 |       0 |      21 |   0.0 |  1396
           D:8 |       0 |    2197 |   0.0 |       0 |      28 |   0.0 |  1419
           D:9 |       0 |     473 |   0.0 |       0 |      12 |   0.0 |   305
               +---------+---------+-------+---------+---------+-------+---------
